 Dungeon Crawl Stone Soup version 0.30-a0-365-ge7f957f1db (webtiles) character file.

Game seed: 8111041309137158539

28 croobank the Sneak (level 2, -3/13 HPs)
             Began as a Spriggan Conjurer on Nov 18, 2022.
             Slain by a worm (8 damage)
             ... on level 2 of the Dungeon.
             The game lasted 00:04:05 (1114 turns).

croobank the Sneak (Spriggan Conjurer)              Turns: 1114, Time: 00:04:06

Health: -3/13      AC:  2    Str:  3    XL:     2   Next: 96%
Magic:  0/7        EV: 17    Int: 19    God:
Gold:   21         SH:  0    Dex: 13    Spells: 4/7 levels left

rFire   . . .      SeeInvis +    d - +2 whip (venom)
rCold   . . .      Faith    .    (no shield)
rNeg    . . .      Spirit   .    a - +0 robe
rPois   .          Reflect  .    (helmet restricted)
rElec   .          Harm     .    (no cloak)
rCorr   .          Rampage  .    (gloves unavailable)
Will    .....                    (boots unavailable)
Stlth   ++........               (no amulet)
HPRegen 0.22/turn                (no ring)
MPRegen 0.10/turn                (no ring)

@: very slightly contaminated, very quick
A: very small, no large weapons, unfitting armour, see invisible, speed 3
a: no special abilities


You were on level 2 of the Dungeon.
You visited 1 branch of the dungeon, and saw 2 of its levels.

You collected 21 gold pieces.

Inventory:

Hand Weapons
 d - a +2 whip of venom (weapon)
 h - a +1 short sword of electrocution
 l - a +0 dagger
Armour
 a - a +0 robe (worn)
Scrolls
 c - 4 scrolls of identify {unknown}
 e - a scroll of poison {unknown}
 f - 2 scrolls of blinking {unknown}
 g - 2 scrolls of fog {unknown}
Potions
 b - a potion of magic
 i - 2 potions of attraction {unknown}
 j - a potion of cancellation {unknown}
 k - a potion of degeneration {unknown}


   Skills:
 + Level 3.3 Dodging
 + Level 3.7 Stealth
 + Level 3.2 Spellcasting
 + Level 3.1 Conjurations


You had 4 spell levels left.
You knew the following spells:

 Your Spells              Type           Power      Damage    Failure   Level
a - Magic Dart            Conj           60%        1d6       4%          1
b - Searing Ray           Conj           30%        2d5       6%          2

Your spell library contained the following spells:

 Spells                   Type           Power      Damage    Failure   Level
 Dazzling Flash           Conj/Hex       18%        N/A       24%         3
 Fulminant Prism          Conj/Hex       4%         3d5       61%         4
 Iskenderun's Mystic Bla  Conj/Tloc      9%         2d4       61%         4


Dungeon Overview and Level Annotations

Branches:
Dungeon (2/15)

Altars:


Innate Abilities, Weirdness & Mutations

You are very small and have problems with some larger weapons.
You are too small for most types of armour.
You have supernaturally acute eyesight. (SInv)
You cover ground extremely quickly. (Speed+++)


Message History

Aim: a worm (wandering, hasn't noticed you, 92% to hit)
You miscast Searing Ray.
You are very lightly contaminated with residual magic.
Nothing appears to happen.
Casting: Searing Ray (safe; 6% risk of failure)
Confirm with . or Enter, or press ? or * to list all spells.
Aiming: Searing Ray (safe; 6% risk of failure)
Press: ? - help, Shift-Dir - straight line, f/p - worm
Aim: a worm (92% to hit)
You miscast Searing Ray.
Nothing appears to happen.
Casting: Searing Ray (safe; 6% risk of failure)
Confirm with . or Enter, or press ? or * to list all spells.
Aiming: Searing Ray (safe; 6% risk of failure)
Press: ? - help, Shift-Dir - straight line, f/p - worm
Aim: a worm (92% to hit)
The searing ray hits the worm.
The worm is moderately wounded. (Press . to maintain the ray.)
The searing ray hits the worm.
The worm is moderately wounded.
Casting: Searing Ray (safe; 6% risk of failure)
Confirm with . or Enter, or press ? or * to list all spells.
Aiming: Magic Dart (safe; 4% risk of failure)
Press: ? - help, Shift-Dir - straight line, f/p - worm
Aim: a worm (moderately wounded, 100% to hit)
You miscast Magic Dart.
Nothing appears to happen.
You hit the worm.
The worm is moderately wounded.
The worm bites you!
Ouch! That really hurt!
You hit the worm.
The worm is moderately wounded.
The worm closely misses you.
You barely miss the worm.
The worm is moderately wounded.
You hit the worm.
The worm is heavily wounded.
The worm bites you!
Ouch! That really hurt!
You die...

###########
#.........# #####
#.........# ...>##
#..)......# ###..###
#.....@...# .......#
#.....w...# .##....#
#.........#
....#..####.........#
~~~.....†.†.........#
~8~~........####...##
#####.......# #...#
#..#.#......##...#
##.#.######.##..:#


You could see a worm.

Vanquished Creatures
  4 ball pythons (D:1)
  A bat (D:2)
  4 endoplasms
  2 giant cockroaches (D:1)
  3 goblins (D:1)
  2 kobolds (D:1)
  A quokka (D:2)
  3 frilled lizards (D:1)
  5 rats
25 creatures vanquished.

Notes
Turn   | Place    | Note
-------+----------+-------------------------------------------
     0 | D:1      | croobank the Spriggan Conjurer began the quest for the Orb.
     0 | D:1      | Reached XP level 1. HP: 9/9 MP: 5/5
   216 | D:1      | Reached XP level 2. HP: 8/13 MP: 0/6
   274 | D:1      | Learned a level 2 spell: Searing Ray
  1114 | D:2      | Slain by a worm

Illustrated notes

Levels and vault maps discovered:
D:1:      lightli_arrival_maybe_door_vault, layout_rooms,
          minmay_misc_feat_ornament
D:2:      layout_basic, hellmonk_ecumenical_altar_blasted, moated_statue

Skill      XL: |  1  2 |
---------------+-------+-----
Conjurations   | 3 |  3.1
Dodging        | 3 |  3.3
Spellcasting   | 3 |  3.2
Stealth        | |  3.7

Action                   || total
-------------------------++-------
Melee: Whip              ||    25
 Cast: Magic Dart        ||    37
       Searing Ray       ||     5
Armor: Robe              ||     1
Dodge: Dodged            ||    14

Table legend: (Time is in decaauts)
 A = Elapsed time spent in this place.
 B = Non-inter-level travel time spent in this place.
 C = Inter-level travel time spent in this place.
 D = Time resting spent in this place.
 E = Time spent auto-exploring this place.
 F = Levels seen in this place.
 G = Mean time per level.
                   A        B        C        D        E       F      G
               +--------+--------+--------+--------+--------+-----+--------+
         Total |    902 |    882 |     20 |    206 |    469 |   2 |  451.0 |
       Dungeon |    902 |    882 |     20 |    206 |    469 |   2 |  451.0 |
               +--------+--------+--------+--------+--------+-----+--------+

Top non-repeatable levels by time:
     D:1: 709 daAuts
     D:2: 193 daAuts
